 Dungeon Crawl Stone Soup version 0.27.0-1-g7a089689b8 (webtiles) character file.

Game seed: 12433606036840931416

2303 hawla the Cleaver (level 9, 0/75 HPs)
             Began as a Minotaur Gladiator on Aug 10, 2021.
             Succumbed to a gnoll's poison
             ... on level 6 of the Dungeon.
             The game lasted 00:14:05 (6450 turns).

hawla the Cleaver (Minotaur Gladiator)              Turns: 6450, Time: 00:14:06

Health: 0/75       AC: 11    Str: 21    XL:     9   Next: 18%
Magic:  8/8        EV: 13    Int:  6    God:
Gold:   164        SH:  0    Dex: 12    Spells: 8/8 levels left

rFire    . . .     SeeInvis .   a - +0 war axe
rCold    . . .     Faith    .   (no shield)
rNeg     . . .     Spirit   .   m - +0 chain mail
rPois    +         Reflect  .   c - +0 hat
rElec    .         Harm     .   h - +0 cloak {rPois}
rCorr    +         Rampage  .   (no gloves)
Will     .....                  (no boots)
Stlth    ..........             n - amulet of magic regeneration
HPRegen  0.22/turn              p - +4 ring of evasion
MPRegen  0.36/turn              k - ring of resist corrosion

@: lethally poisoned (0 -> -6)
A: horns 2, retaliatory headbutt
a: no special abilities


You were on level 6 of the Dungeon.
You visited 1 branch of the dungeon, and saw 6 of its levels.

You collected 164 gold pieces.

Inventory:

Hand Weapons
 a - a +0 war axe (weapon)
Missiles
 w - 3 boomerangs (quivered)
Armour
 c - a +0 hat (worn)
 h - a +0 cloak of poison resistance (worn)
 m - a +0 chain mail (worn)
Jewellery
 g - a ring of poison resistance
 j - a ring of magical power
 k - a ring of resist corrosion (right hand)
 l - a ring of protection from cold
 n - an amulet of magic regeneration (around neck)
 p - a +4 ring of evasion (left hand)
Wands
 e - a wand of polymorph (18)
 s - a wand of flame (51)
Scrolls
 q - 2 scrolls of teleportation
 y - a scroll of identify
Potions
 d - a potion of flight
 o - a potion of attraction


   Skills:
 + Level 5.9 Fighting
 + Level 11.2 Axes
 - Level 3.0 Throwing
 + Level 5.9 Armour
 + Level 4.7 Dodging
 + Level 0.1 Stealth
 + Level 1.9 Evocations


You had 8 spell levels left.
You didn't know any spells.
Your spell library contained the following spells:

 Spells                   Type           Power      Damage    Failure   Level
 Foxfire                  Conj/Fire      0%         2x1d4     99%         1
 Sting                    Tmut/Pois      0%         1d3       99%         1
 Poisonous Vapours        Pois/Air       0%         N/A       99%         2
 Conjure Flame            Conj/Fire      0%         6-21      100%        3
 Inner Flame              Hex/Fire       0%         N/A       100%        3
 Olgreb's Toxic Radiance  Pois           0%         N/A       100%        4


Dungeon Overview and Level Annotations

Branches:
Dungeon (6/15)
 Temple: D:4-7

Altars:
Cheibriados
Kikubaaqudgha
Makhleb
Okawaru
Ru
Trog
Uskayaw

Annotations:
D:5 2 transporters, boopsy's ghost, novice OpWr


Innate Abilities, Weirdness & Mutations

You have a pair of horns on your head.
You reflexively headbutt those who attack you in melee.


Message History

Reactivating autopickup.
You feel a bit more experienced. The gnoll barely misses you.
The troll closely misses you. x2; The troll misses you.
The gnoll hits you from afar with a +2 spear of venom.
You are poisoned.
Things that are here:
a +0 giant club; an ogre corpse You hit the troll but do no damage.
You feel sick. The troll misses you. You furiously retaliate!
You headbutt the troll! The troll misses you. x2
The gnoll hits you from afar with a +2 spear of venom.
Aiming: Throw Flame
Press: ? - help, Shift-Dir - straight line, f - gnoll
Aim: a gnoll, wielding a +2 spear of venom (strong, 75% to hit)
The puff of flame hits the troll.
The troll is moderately wounded.
You feel sick. The troll closely misses you. You furiously retaliate!
You headbutt the troll. The troll claws you. The troll barely misses you.
The gnoll hits you from afar with a +2 spear of venom!
* * * LOW HITPOINT WARNING * * *
Okay, then.
You feel better.
The troll closely misses you. x2; The troll claws you.
* * * LOW HITPOINT WARNING * * *
The gnoll hits you from afar with a +2 spear of venom!
* * * LOW HITPOINT WARNING * * *
You are lethally poisoned!
Okay, then.
As you read the scroll of teleportation, it crumbles to dust.
You feel strangely unstable.
* * * LOW HITPOINT WARNING * * *
You feel very sick.
The troll misses you. x2; The troll closely misses you.
The gnoll hits you but does no damage.
* * * LOW HITPOINT WARNING * * *
You feel sick.
Your surroundings suddenly seem different.
* * * LOW HITPOINT WARNING * * *
You feel sick.
A howler monkey zombie comes into view.
Found a club.
You die...

#............##
...#......###....#
#........###
##..##
...........####..#
............##..##
...............##
...PPPPPPP.....##
...PPPPPPP......#
... PP...@..#
PP.......#
PP.......#
PP.Z.......


PP........... ......)......# ............### .....#.#..### You could see a
howler monkey zombie.

Vanquished Creatures
  A wraith (D:5)
  Edmund (D:6)
  An orc warrior (D:6)
  3 ice beasts
  3 ogres
  2 phantoms
  A kobold brigand (D:6)
  3 scorpions
  A wyvern zombie (D:5)
  A wyvern skeleton (D:5)
  A water moccasin skeleton (D:6)
  A howler monkey (D:6)
  3 bullfrog zombies
  4 hounds
  Crazy Yiuf (D:3)
  3 iron imps (D:3)
  A jelly (D:4)
  A bullfrog skeleton (D:5)
  Natasha (thrice) (D:3)
  6 orc wizards
  A mummy (D:5)
  A hound skeleton (D:4)
  Robin (D:4)
  3 adders
  A howler monkey skeleton (D:6)
  A white imp (D:6)
  A dart slug (D:4)
  9 orcs
  10 endoplasms
  5 giant cockroaches
  11 hobgoblins
  17 jackals
  4 quokkas
  7 ball pythons
  3 bats
  A frilled lizard (D:3)
  17 goblins
  6 kobolds
  4 rats (D:1)
144 creatures vanquished.

Vanquished Creatures (others)
  2 plants (D:6)
2 creatures vanquished.

Grand Total: 146 creatures vanquished

Notes
Turn   | Place    | Note
-------+----------+-------------------------------------------
     0 | D:1      | hawla the Minotaur Gladiator began the quest for the Orb.
     0 | D:1      | Reached XP level 1. HP: 18/18 MP: 0/0
   370 | D:1      | Reached XP level 2. HP: 24/25 MP: 1/1
   520 | D:1      | Reached skill level 4 in Axes
   584 | D:1      | Found a faded altar of an unknown god.
   775 | D:1      | Reached XP level 3. HP: 31/31 MP: 2/2
  1992 | D:2      | Reached XP level 4. HP: 38/38 MP: 3/3
  2568 | D:3      | Reached skill level 5 in Axes
  2703 | D:3      | Noticed Natasha
  2709 | D:3      | Killed Natasha
  2820 | D:3      | Reached XP level 5. HP: 45/45 MP: 4/4
  2879 | D:3      | Noticed Natasha
  2883 | D:3      | Found a burning altar of Makhleb.
  2898 | D:3      | Killed Natasha
  2935 | D:3      | Reached skill level 6 in Axes
  2952 | D:3      | Noticed Natasha
  2959 | D:3      | Killed Natasha
  3237 | D:3      | Reached skill level 7 in Axes
  3237 | D:3      | Reached XP level 6. HP: 19/51 MP: 5/5
  3553 | D:3      | Found a runed translucent door.
  3554 | D:3      | Noticed Crazy Yiuf
  3662 | D:3      | Found an iron altar of Okawaru.
  3739 | D:3      | Killed Crazy Yiuf
  4003 | D:4      | Reached skill level 1 in Armour
  4170 | D:4      | Noticed Robin
  4188 | D:4      | Killed Robin
  4412 | D:4      | Reached skill level 8 in Axes
  4412 | D:4      | Reached XP level 7. HP: 47/57 MP: 6/6
  4515 | D:4      | Found a hide-covered altar of Uskayaw.
  4637 | D:4      | Found a bloodstained altar of Trog.
  4658 | D:4      | Found a snail-covered altar of Cheibriados.
  4701 | D:4      | Found an ancient bone altar of Kikubaaqudgha.
  5039 | D:5      | Entered Level 5 of the Dungeon
  5039 | D:5      | Found a transporter.
  5039 | D:5      | Noticed boopsy's ghost (novice OpWr)
  5103 | D:5      | Reached skill level 9 in Axes
  5318 | D:5      | Reached XP level 8. HP: 64/66 MP: 7/7
  5466 | D:5      | Reached skill level 5 in Armour
  5643 | D:5      | Found a sacrificial altar of Ru.
  5744 | D:5      | Found a transporter.
  5823 | D:5      | Reached skill level 10 in Axes
  5885 | D:5      | Identified the +0 robe "Qoyty" {rC+ rCorr}
  6118 | D:6      | Reached skill level 1 in Evocations
  6126 | D:6      | Reached skill level 5 in Fighting
  6230 | D:6      | Noticed Edmund
  6392 | D:6      | Killed Edmund
  6393 | D:6      | Reached skill level 11 in Axes
  6393 | D:6      | Reached XP level 9. HP: 75/75 MP: 8/8
  6436 | D:6      | Noticed a troll
  6449 | D:6      | HP: 2/75 [poisoned by a gnoll]
  6450 | D:6      | Succumbed to a gnoll's poison

Illustrated notes

Levels and vault maps discovered:
D:1:      lightli_arrival_statue_moat, layout_loops_ring,
          shapermc_ecumenical_altar_petra, kennysheep_pointless_box
D:2:      layout_basic
D:3:      layout_rooms, demons_altar, mainiacjoe_overflow_six_doors_small,
          chequers_serial_rivers_small_a, st_stairs_14, uniq_crazy_yiuf_cottage,
          uniq_natasha
D:4:      kennysheep_goblin_castle, layout_rooms, lemuel_tele_altar,
          kennysheep_mini_moat, mainiacjoe_overflow_alcove_2,
          lightli_temple_of_fire, minmay_misc_feat_nine_boxes
D:5:      layout_rooms, hangedman_ru_absence, gammafunk_ghost_mausoleum,
          gup_ossuary_entry_pyramid
D:6:      lemuel_castle_with_subvaults [lemuel_castle_interior_original],
          layout_cave_pools, mainiacjoe_overflow_chevrons, uniq_edmund,
          uniq_duvessa

Skill      XL: |  1  2  3  4  5  6  7  8 |
---------------+-------------------------+-----
Axes           | 4 5 7 8 9 11 | 11.2
Fighting       | 3 4 5 |  5.9
Throwing       | 3 |  3.0
Dodging        | 4 |  4.7
Armour         | 2 4 5 |  5.9
Evocations     | 1 |  1.9
Stealth        | |  0.1

Action                   |  1- 3 |  4- 6 |  7- 9 || total
-------------------------+-------+-------+-------++-------
Melee: War axe           |    82 |   161 |   167 ||   410
       Headbutt          |     7 |    21 |    36 ||    64
Throw: Throwing net      |       |     3 |     1 ||     4
       Dart              |       |       |    13 ||    13
       Boomerang         |       |       |     3 ||     3
Evoke: Wand              |       |     2 |     9 ||    11
  Use: Scroll            |     1 |     3 |     4 ||     8
       Potion            |       |     4 |     5 ||     9
Armor: Leather armour    |    11 |       |       ||    11
       Chain mail        |    17 |    73 |    51 ||   141
       Skin              |       |     7 |     4 ||    11
Dodge: Dodged            |    48 |    83 |   106 ||   237
